 Dungeon Crawl Stone Soup version 0.20.1-1-g8b1a95d (webtiles) character file.

82 vatarom the Insei (level 4, 0/35 HPs)
             Began as a Draconian Transmuter on Sept 5, 2017.
             Succumbed to an orc wizard's poison
             ... on level 3 of the Dungeon.
             The game lasted 00:06:36 (2411 turns).

vatarom the Insei (Draconian Transmuter)            Turns: 2411, Time: 00:06:37

Health: 0/35       AC:  5    Str: 12    XL:     4   Next: 21%
Magic:  2/7        EV: 12    Int: 11    God:
Gold:   132        SH:  0    Dex: 12    Spells: 1/7 levels left

rFire    . . .     SeeInvis .     - Unarmed
rCold    . . .     Gourm    .   (no shield)
rNeg     . . .     Faith    .   (armour unavailable)
rPois    .         Spirit   .   (helmet restricted)
rElec    .         Reflect  .   (no cloak)
rCorr    .         Harm     .   (no gloves)
MR       .....                  (no boots)
Stlth    +.........             (no amulet)
Regen    0.2/turn               h - -3 ring of intelligence (curse)
MPRegen  0.1/turn               (no ring)

@: lethally poisoned (0 -> -3), appendage, very slightly contaminated, very slow
A: unfitting armour, horns 2, cold-blooded, AC +5
a: End Transformation


You were on level 3 of the Dungeon.
You were not hungry.
You had grown temporary horns.
You visited 1 branch of the dungeon, and saw 3 of its levels.

You collected 132 gold pieces.

Inventory:

Missiles
 a - 35 arrows
Jewellery
 h - a cursed -3 ring of intelligence (left hand)
Scrolls
 e - a scroll of teleportation
 f - a scroll of recharging
Books
 b - a book of Changes

   Spells                             Type                      Level
   a - Beastly Appendage              Transmutation                1
   b - Sticks to Snakes               Transmutation                2
   c - Spider Form                    Transmutation/Poison         3
   d - Ice Form                       Ice/Transmutation            4
   e - Blade Hands                    Transmutation                5
Comestibles
 c - 3 bread rations
 g - a meat ration
 i - 2 chunks of flesh


   Skills:
 - Level 1.1 Fighting
 - Level 1.7 Dodging
 - Level 4.4 Unarmed Combat
 - Level 2.0 Spellcasting
 + Level 3.1 Transmutations


You had one spell level left.
You knew the following spells:

 Your Spells              Type           Power        Failure   Level  Hunger
a - Beastly Appendage     Tmut           #.....       9%          1    ##.....
b - Sticks to Snakes      Tmut           #.......     12%         2    ###....
c - Spider Form           Tmut/Pois      #.........   43%         3    ####...


Dungeon Overview and Level Annotations

Branches:
Dungeon (3/15)

Altars:
Nemelex Xobeh


Innate Abilities, Weirdness & Mutations

Your plain brown scales are hard. (AC +5)
You cannot fit into any form of body armour.
You are cold-blooded and may be slowed by cold attacks.
You have a pair of horns on your head.


Message History

You aren't carrying any potions.
You enter the shallow water.
Moving in this stuff is going to be slow.
* * * LOW HITPOINT WARNING * * *
You feel sick.
* * * LOW HITPOINT WARNING * * *
You feel sick.
Sorry, you're not good enough to have a special ability.
Casting: Spider Form
Confirm with . or Enter, or press ? or * to list all spells.
You miscast Beastly Appendage.
You are very lightly contaminated with residual magic.
Your skin tingles.
* * * LOW HITPOINT WARNING * * *
You feel sick.
Casting: Beastly Appendage
Confirm with . or Enter, or press ? or * to list all spells.
You grow a pair of large bovine horns.
Unknown command.
You die...

#.≈≈≈....# #.≈≈≈.[..#
#.≈≈≈....# #.≈≈≈....#
#+###≈≈....#
####################...#≈≈....#
...................#gg.#≈≈....#
≈≈≈≈≈≈≈≈≈≈≈≈≈≈≈≈≈≈≈#####≈≈....#
≈≈≈≈≈≈≈≈≈≈≈≈≈≈≈≈@≈≈≈≈≈≈≈≈≈....#
≈≈≈≈≈≈≈≈≈≈≈≈≈≈≈≈≈÷≈≈≈≈≈≈≈≈....#
.........†.....P........).....#
.......................P......#
###############################


There were no monsters in sight!

Vanquished Creatures
  A gnoll (D:3)
  2 oozes
  2 worms
  A dart slug (D:1)
  2 giant cockroaches
  3 goblins
  6 hobgoblins
  15 jackals
  3 kobolds
  A ball python (D:2)
  7 bats
  4 rats
47 creatures vanquished.

Vanquished Creatures (collateral kills)
  3 jackals (D:3)
3 creatures vanquished.

Grand Total: 50 creatures vanquished

Notes
Turn   | Place    | Note
-------+----------+-------------------------------------------
     0 | D:1      | vatarom the Draconian Transmuter began the quest for the Orb.
     0 | D:1      | Reached XP level 1. HP: 16/16 MP: 3/3
   321 | D:1      | Reached XP level 2. HP: 11/23 MP: 3/5
   341 | D:1      | Learned a level 2 spell: Sticks to Snakes
  1131 | D:2      | Reached skill level 4 in Unarmed Combat
  1174 | D:2      | Reached XP level 3. HP: 23/28 MP: 4/6
  1514 | D:2      | Found a sparkling altar of Nemelex Xobeh.
  2137 | D:3      | Learned a level 3 spell: Spider Form
  2146 | D:3      | Reached XP level 4. HP: 25/35 MP: 5/7
  2408 | D:3      | HP: 1/35 [poisoned by an orc wizard]
  2411 | D:3      | Succumbed to an orc wizard's poison

Skill      XL: |  1  2  3  4 |
---------------+-------------+-----
Unarmed Combat | 4 |  4.4
Transmutations | 3 |  3.1
Fighting       | |  1.1
Dodging        | |  1.7
Spellcasting   | |  2.0

Action                   |  1- 3 |  4- 6 || total
-------------------------+-------+-------++-------
Melee: Unarmed           |   154 |    26 ||   180
       Tailslap          |    16 |       ||    16
       Kick              |     6 |       ||     6
       Punch             |     2 |       ||     2
       Headbutt          |     3 |       ||     3
 Cast: Beastly Appendage |    15 |     1 ||    16
       Sticks to Snakes  |       |     4 ||     4
       Spider Form       |       |     1 ||     1
  Use: Scroll            |     6 |     2 ||     8
       Potion            |     1 |     2 ||     3
  Eat: Chunk             |     4 |       ||     4
       Meat ration       |       |     1 ||     1
Armor: Skin              |    61 |     8 ||    69
Dodge: Dodged            |   134 |    24 ||   158
